 Dungeon Crawl Stone Soup version 0.20-a0-350-ga83eecc (webtiles) character file.

79780 Duffy the Severer (level 15, 142/142 HPs)
             Began as a Naga Fighter on Dec 23, 2016.
             Was an Initiate of Gozag.
             Quit the game on level 2 of the Orcish Mines.
             The game lasted 00:40:41 (23908 turns).

Duffy the Severer (Naga Fighter)                   Turns: 23908, Time: 00:40:42

Health: 142/142    AC: 44    Str: 23    XL:     15   Next: 64%
Magic:  21/21      EV:  3    Int: 10    God:    Gozag
Gold:   1574       SH:  6    Dex: 15    Spells: 14/14 levels left

rFire  + . .     SeeInvis +     H - +4 hand axe (elec)
rCold  + . .     Gourm    .     y - +9 plate armour of Laotace {rElec Dex+2}
rNeg   . . .     Faith    .     K - +0 buckler "Tuucataj" {rC+ MR+}
rPois  +         Spirit   .     G - +2 helmet {SInv}
rElec  +         Reflect  .     u - +2 cloak
rCorr  .         Harm     .     M - +2 pair of gloves
MR     ++...                    I - +1 naga barding {Fly}
Stlth  ..........               q - amulet of rage
                                t - ring of protection from fire
                                j - +3 ring of slaying

@: flying, drained, very slow
A: molten scales 1, rugged brown scales 1, see invisible, clever 1, deformed
body, poison resistance, slowness 2, slow metabolism 1, spit poison 1, constrict
1, AC +5
a: Spit Poison, Potion Petition, Call Merchant, Bribe Branch, Renounce Religion,
Evoke Berserk Rage, Stop Flying


You were on level 2 of the Orcish Mines.
You worshipped Gozag.
Gozag was most pleased with you.
You were not hungry.

You visited 4 branches of the dungeon, and saw 20 of its levels.
You also visited: Labyrinth and Volcano.

You collected 6930 gold pieces.
You spent 1808 gold pieces at shops.
You paid 3548 gold pieces to Gozag.

Inventory:

Hand Weapons
 C - a +0 blowgun
 H - a +4 hand axe of electrocution (weapon)
 P - a +2 flail of draining
Missiles
 L - 2 curare-tipped needles
Armour
 c - a +0 shield
 u - a +2 cloak (worn)
 y - the +9 plate armour of Laotace (worn) {rElec Dex+2}
   (You bought it in a shop on level 5 of the Lair of Beasts)

   It affects your dexterity (+2).
   It insulates you from electricity.
 G - a +2 helmet of see invisible (worn)
 I - a +1 naga barding of flying (worn)
 K - the +0 buckler "Tuucataj" (worn) {rC+ MR+}
   (You bought it in a shop on level 2 of the Orcish Mines)

   It protects you from cold.
   It affects your resistance to hostile enchantments.
 M - a +2 pair of gloves (worn)
Jewellery
 d - a +2 ring of protection {unknown}
 j - a +3 ring of slaying (left hand)
 q - an amulet of rage (around neck)
 r - an uncursed ring of protection from cold
 t - a ring of protection from fire (right hand)
 F - an uncursed ring of resist corrosion
 O - an uncursed ring of positive energy
 T - an uncursed ring of protection from magic
Wands
 g - a wand of disintegration (14/24)
 o - a wand of polymorph (1/24)
 Q - a wand of iceblast (4/15)
 S - a wand of flame (20/48)
 W - a wand of digging (19/24)
Scrolls
 e - 2 scrolls of enchant weapon
 h - 2 scrolls of recharging
 i - 2 scrolls of fog
 l - 2 scrolls of blinking
 p - 8 scrolls of teleportation
 x - 3 scrolls of fear
 N - 4 scrolls of remove curse
 R - a scroll of enchant armour
 Y - 2 scrolls of immolation
Potions
 b - a potion of curing
 k - 2 potions of resistance
 m - 5 potions of ambrosia
 n - a potion of agility
 s - a potion of cancellation
 v - 6 potions of brilliance
 z - 2 potions of flight
 A - a potion of berserk rage {unknown}
 B - 3 potions of cure mutation
 D - 5 potions of heal wounds
 E - 4 potions of haste
 J - 3 potions of might
 U - 2 potions of invisibility
 V - a potion of magic
Comestibles
 a - 4 meat rations
 f - 15 bread rations
 w - 10 fruits


   Skills:
 - Level 10.0(9.6) Fighting
 + Level 16.7(16.3) Axes
 + Level 12.0(11.5) Armour
 - Level 9.0(8.5) Shields
 - Level 8.5(8.1) Evocations


You had 14 spell levels left.
You didn't know any spells.

Dungeon Overview and Level Annotations

Branches:
Dungeon (11/15)            Temple (1/1) D:5            Lair (6/6) D:10
 Shoals (0/4) Lair:4        Snake (0/4) Lair:4        Slime (0/5) Lair:5
    Orc (2/2) D:9             Elf (0/3) Orc:2

Altars:
Ashenzari
Cheibriados
Dithmenos
Elyvilon
Fedhas
Gozag
Hepliaklqana
Kikubaaqudgha
Makhleb
Nemelex Xobeh
Okawaru
Qazlal
Ru
Sif Muna
Trog
Uskayaw
Vehumet
Xom
Yredelemnul
Zin
The Shining One
Beogh
Jiyva

Shops:
D:8 =   Orc:1 (   Orc:2 ?!:[[(*   Lair:5 [=

Portals:
Pandemonium: Orc:2

Annotations:
D:7 exclusion: statue
Lair:2 exclusion: 3 oklob plants
Lair:3 exclusion: 3 upstairs


Innate Abilities, Weirdness & Mutations

You cannot wear boots.
Your serpentine skin is tough. (AC +5)
You have supernaturally acute eyesight. (SInv)
Armour fits poorly on your strangely shaped body.
Your system is resistant to poisons. (rPois)
You cover ground very slowly.
You have a slow metabolism.
You can spit poison.
You can use your snake-like lower body to constrict enemies.
You are partially covered in molten scales. (AC +2)
You are partially covered in rugged brown scales. (AC +1, +3% HP)
Your mind is acute. (Int +2)


Message History

[c] 855 gold - Ujas Wos's Magic Scroll Shop [d] 1022 gold - Muixzis's Weapon Shop Fund which merchant?
You no longer have enough gold to bribe branches to halt enemies' attacks and recruit allies.
Jago invites you to visit her Antique Armour Boutique.
You no longer have enough gold to fund merchants seeking to open stores in the dungeon.
K - a brightly glowing buckler Thank you for shopping at Jago's Antique Armour Boutique!
Wear which item? (? for menu, Esc to quit)
You start removing your armour.
You continue taking off your +0 shield. x4
You finish taking off your +0 shield.
You start putting on your armour.
You continue putting on your brightly glowing buckler. x5
You finish putting on the +0 buckler "Tuucataj" {rC+ MR+}.
You currently need 1600 gold to open negotiations with a merchant.
Done exploring.
Done exploring.
Done exploring.
Done exploring.
Are you sure you want to abandon this character and quit the game? (Confirm with "yes".)

#.## #####.# ### ##.#...# ##.##
#......### #...# ##.....#.####
####..## ####........\## .#.#...#
##...\.........# ......##
#...\.........### ......#
####..@..###.......## ......##
#........####.......## .......#
####.......# #........##
..#.#..###......########........#
..#.#...##..[[....#............##
........##.[[)<[..#...........##
.......).....#.....#.........##
........##.####.......)[)[#.##
........#### ##.......[(####


There were no monsters in sight!

Vanquished Creatures
  Gastronok (Lair:1)
  2 orc warlords (Orc:1)
  An emperor scorpion (Lair:6)
  The ghost of Barrydekale the Bludgeoner, a journeyman MiBe of Trog (Volcano)
  Josephine (Lair:6)
  Erolcha (D:9)
  2 minotaurs
  Fannar (Orc:1)
  5 hydras
  An ogre mage (Volcano)
  7 two-headed ogres
  6 catoblepae
  16 death yaks
  6 orc high priests
  A sun demon (Orc:2)
  An unseen horror (D:11)
  An infernal demonspawn (Orc:2)
  A hell knight (Volcano)
  A gelid demonspawn (Orc:2)
  7 orc sorcerers (Orc:2)
  2 manticores (Lair:6)
  5 orc knights
  3 elephants (Lair:5)
  A gargoyle (D:10)
  2 black mambas
  10 spiny frogs
  A kobold demonologist (D:10)
  A molten gargoyle (Volcano)
  2 komodo dragons
  2 rime drakes
  5 trolls
  A polar bear (Lair:6)
  10 blink frogs
  9 hippogriffs
  A spriggan (D:10)
  Sigmund (D:2)
  A wyvern (Lair:6)
  4 wraiths (Lair:6)
  The ghost of Graouh the Shield-Bearer, an amateur MiFi (D:4)
  7 fire bats (Volcano)
  43 yaks
  A basilisk (Lair:6)
  A chaos spawn (Orc:2)
  2 hungry ghosts
  A neqoxec (Orc:2)
  5 wargs
  11 water moccasins
  6 porcupines
  39 orc warriors
  2 ice beasts (D:10)
  3 black bears (D:10)
  3 phantoms
  17 ogres
  2 necrophages
  21 wolves
  4 centaurs
  15 crocodiles
  8 big kobolds
  10 bullfrogs
  5 gnoll sergeants (D:9)
  A wyvern zombie (D:7)
  A wyvern skeleton (D:7)
  3 scorpions
  A water moccasin skeleton (D:11)
  4 wights (D:8)
  10 killer bees
  4 electric eels
  2 crimson imps
  5 lava snakes (Volcano)
  3 centaur zombies
  4 hounds
  2 jellies (D:5)
  23 orc priests
  Crazy Yiuf (D:4)
  3 bullfrog skeletons
  4 iguanas
  Terence (D:2)
  24 orc wizards
  5 worker ants
  10 adders
  2 gnolls (D:9)
  A shadow imp (D:6)
  An ooze (D:2)
  2 adder skeletons
  An adder zombie (D:6)
  3 worms
  4 dart slugs
  5 leopard geckos
  114 orcs
  2 ball pythons
  4 giant cockroaches
  5 jackals
  5 quokkas
  4 bats
  4 frilled lizards
  6 goblins
  2 jackal skeletons
  A jackal zombie (D:9)
  33 kobolds
  A leopard gecko zombie (D:7)
  A quokka zombie (D:6)
  9 rats
  A butterfly (Lair:6)
  A fungus (Lair:5)
  5 plants
659 creatures vanquished.

Vanquished Creatures (others)
  A porcupine (D:10)
  An orc (D:10)
  8 fungi
  11 plants (Lair:6)
21 creatures vanquished.

Grand Total: 680 creatures vanquished

Notes
Turn   | Place    | Note
-------+----------+-------------------------------------------
     0 | D:1      | Duffy the Naga Fighter began the quest for the Orb.
     0 | D:1      | Reached XP level 1. HP: 21/21 MP: 1/1
   155 | D:1      | Reached XP level 2. HP: 28/28 MP: 2/2
   853 | D:2      | Reached XP level 3. HP: 32/34 MP: 3/3
   859 | D:2      | Reached skill level 3 in Shields
   953 | D:2      | Noticed Sigmund
   968 | D:2      | Killed Sigmund
   968 | D:2      | Reached skill level 4 in Axes
   968 | D:2      | Reached skill level 4 in Shields
   968 | D:2      | Reached XP level 4. HP: 11/42 MP: 4/4
   968 | D:2      | Reached XP level 5. HP: 13/49 MP: 5/5
  1252 | D:2      | Noticed Terence
  1263 | D:2      | Killed Terence
  1484 | D:2      | Reached XP level 6. HP: 56/56 MP: 6/6
  2092 | D:2      | Found a bloodstained altar of Trog.
  2966 | D:4      | Reached skill level 5 in Axes
  2982 | D:4      | Reached skill level 5 in Shields
  2982 | D:4      | Reached XP level 7. HP: 49/62 MP: 7/7
  3329 | D:4      | Noticed Graouh's ghost (amateur MiFi)
  3344 | D:4      | Killed Graouh's ghost
  3344 | D:4      | Reached skill level 6 in Axes
  3605 | D:4      | Found a runed door.
  3609 | D:4      | Noticed Crazy Yiuf
  3615 | D:4      | Killed Crazy Yiuf
  4073 | D:4      | Reached XP level 8. HP: 66/69 MP: 8/8
  4107 | D:4      | Reached skill level 6 in Shields
  4158 | D:5      | Entered Level 5 of the Dungeon
  4235 | D:5      | Found an ancient bone altar of Kikubaaqudgha.
  4860 | D:5      | Reached skill level 7 in Axes
  4871 | D:5      | Found a staircase to the Ecumenical Temple.
  4875 | Temple   | Entered the Ecumenical Temple
  4933 | Temple   | Became a worshipper of Gozag Ym Sagoz the Greedy
  5474 | D:6      | Got a twisted rapier
  5913 | D:6      | Found a white marble altar of Elyvilon.
  6248 | D:7      | Reached skill level 7 in Shields
  6273 | D:7      | Reached skill level 8 in Axes
  6273 | D:7      | Reached XP level 9. HP: 63/75 MP: 9/9
  6373 | D:7      | Found a deep blue altar of Sif Muna.
  6375 | D:7      | Found a shattered altar of Ashenzari.
  6610 | D:7      | Gained mutation: You are partially covered in rugged brown scales. (AC +1, +3% HP) [potion of beneficial mutation]
  6611 | D:7      | Gained mutation: You are partially covered in molten scales. (AC +2) [potion of beneficial mutation]
  6796 | D:7      | Found a radiant altar of Vehumet.
  7191 | D:7      | Found a glowing silver altar of Zin.
  7506 | D:8      | Reached skill level 9 in Axes
  7642 | D:8      | Reached skill level 8 in Shields
  7879 | D:8      | Found Nuen Gyth's Jewellery Boutique.
  7884 | D:8      | Bought an uncursed amulet of rage for 440 gold pieces
  8050 | D:7      | Found a hide-covered altar of Uskayaw.
  8050 | D:7      | Found a hazy altar of Hepliaklqana.
  8110 | D:8      | Reached skill level 1 in Evocations
  8285 | D:8      | Reached skill level 2 in Evocations
  8285 | D:8      | Reached XP level 10. HP: 86/86 MP: 11/11
  8642 | D:9      | Reached skill level 10 in Axes
  8786 | D:9      | Noticed a six-headed hydra
  8796 | D:9      | Killed a six-headed hydra
  8796 | D:9      | Reached skill level 9 in Shields
  8796 | D:9      | Reached skill level 3 in Evocations
  9029 | D:9      | Noticed Erolcha
  9041 | D:9      | Paralysed by Erolcha for 3 turns
  9046 | D:9      | Killed Erolcha
  9046 | D:9      | Reached skill level 4 in Fighting
  9046 | D:9      | Reached skill level 4 in Evocations
  9785 | D:9      | Found a staircase to the Orcish Mines.
  9804 | D:9      | Reached skill level 5 in Evocations
  9817 | D:9      | Reached skill level 5 in Fighting
  9817 | D:9      | Reached XP level 11. HP: 96/96 MP: 13/15
  9821 | D:9      | Reached skill level 11 in Axes
  9928 | D:10     | Entered Level 10 of the Dungeon
 10245 | D:10     | Reached skill level 6 in Evocations
 10426 | D:10     | Found a staircase to the Lair.
 10545 | D:10     | Reached skill level 6 in Fighting
 10989 | D:9      | Reached skill level 3 in Armour
 11142 | D:10     | Noticed a two-headed ogre
 11153 | D:10     | Killed a two-headed ogre
 11479 | Lair:1   | Entered Level 1 of the Lair of Beasts
 11602 | D:10     | Reached skill level 7 in Fighting
 11848 | Lair:1   | Reached skill level 4 in Armour
 11886 | Lair:1   | Gained mutation: Your mind is acute. (Int +2) [potion of beneficial mutation]
 11899 | Lair:1   | Noticed an eight-headed hydra
 11905 | Lair:1   | Killed a nine-headed hydra
 11905 | Lair:1   | Reached skill level 12 in Axes
 11973 | Lair:1   | Noticed Gastronok
 12003 | Lair:1   | Killed Gastronok
 12003 | Lair:1   | Reached skill level 8 in Fighting
 12003 | Lair:1   | Reached skill level 5 in Armour
 12003 | Lair:1   | Reached XP level 12. HP: 113/113 MP: 16/16
 13870 | Lair:3   | Reached skill level 9 in Fighting
 13870 | Lair:3   | Reached skill level 6 in Armour
 13929 | Lair:3   | Found a hide-covered altar of Uskayaw.
 14558 | Lair:4   | Found a staircase to the Snake Pit.
 14574 | Lair:4   | Noticed a four-headed hydra
 14579 | Lair:4   | Killed a four-headed hydra
 14645 | Lair:4   | Reached skill level 13 in Axes
 14764 | Lair:4   | Found a staircase to the Shoals.
 14766 | Lair:4   | Found a labyrinth entrance.
 14790 | Lab      | Entered a labyrinth
 15689 | Lab      | Noticed a minotaur
 15700 | Lab      | Killed a minotaur
 15700 | Lab      | Gained mutation: You can use your snake-like lower body to constrict enemies. [Naga growth]
 15700 | Lab      | Reached XP level 13. HP: 125/125 MP: 17/17
 15758 | Lab      | Identified the Reference Book on the Oath
 15803 | Lair:4   | Reached skill level 7 in Armour
 16318 | Lair:4   | Reached skill level 10 in Fighting
 16480 | Lair:5   | Found a dark tunnel.
 16498 | Volcano  | Entered a volcano
 16708 | Volcano  | Noticed Barrydekale's ghost (journeyman MiBe)
 16730 | Volcano  | Killed Barrydekale's ghost
 16874 | Volcano  | Reached skill level 7 in Evocations
 16890 | Volcano  | Reached skill level 8 in Armour
 16917 | Volcano  | Found a burning altar of Makhleb.
 17041 | Volcano  | Got a smoking helmet
 17052 | Volcano  | Identified the cursed +0 helmet "Mataith" {Dex+4} (You found it in a volcano)
 17328 | Lair:5   | Reached skill level 14 in Axes
 17335 | Lair:5   | Reached skill level 8 in Evocations
 17438 | Lair:5   | Found a viscous altar of Jiyva.
 17439 | Lair:5   | Found a staircase to the Slime Pits.
 17836 | Lair:5   | Reached XP level 14. HP: 132/135 MP: 20/20
 17852 | Lair:5   | Found a stormy altar of Qazlal.
 18173 | Lair:5   | Bought a smelly plate armour for 952 gold pieces
 18183 | Lair:5   | Identified the +9 plate armour of Laotace {rElec Dex+2} (You bought it in a shop on level 5 of the Lair of Beasts)
 18192 | Lair:6   | Entered Level 6 of the Lair of Beasts
 18409 | Lair:6   | Reached skill level 9 in Armour
 19207 | Lair:6   | Noticed Josephine
 19215 | Lair:6   | Killed Josephine
 19225 | Lair:6   | Reached skill level 15 in Axes
 20144 | Lair:6   | Noticed an emperor scorpion
 20144 | Lair:6   | a 16-headed hydra changed into an emperor scorpion
 20160 | Lair:6   | Killed an emperor scorpion
 20160 | Lair:6   | Reached skill level 10 in Armour
 21329 | Orc:1    | Entered Level 1 of the Orcish Mines
 21329 | Orc:1    | Found a roughly hewn altar of Beogh.
 21336 | Orc:1    | Noticed Fannar
 21336 | Orc:1    | Reached XP level 15. HP: 121/142 MP: 21/21
 21370 | Orc:1    | Killed Fannar
 21425 | Orc:1    | Noticed an orc warlord
 21543 | Orc:1    | Killed an orc warlord
 21543 | Orc:1    | Reached skill level 16 in Axes
 21543 | Orc:1    | Reached skill level 11 in Armour
 21814 | Orc:2    | Entered Level 2 of the Orcish Mines
 21819 | Orc:2    | Found a staircase to the Elven Halls.
 21910 | Orc:2    | Found Anguyluri's Assorted Antiques.
 21919 | Orc:2    | Bought a murky amethyst potion for 26 gold pieces
 21919 | Orc:2    | Bought a scroll of identify for 58 gold pieces
 21946 | Orc:2    | Noticed an orc warlord
 21986 | Orc:1    | Killed an orc warlord
 22236 | Orc:2    | Found Urireliy's Magic Scroll Boutique.
 22240 | Orc:2    | Found Xoly's Distillery.
 22769 | Orc:2    | Found Gycuggus's Book Emporium.
 22769 | Orc:2    | Found a one-way gate leading to the halls of Pandemonium.
 22769 | Orc:2    | Found Jamnul's Antique Armour Shoppe.
 23106 | Orc:1    | Found Geashiopt's Weapon Shop.
 23646 | Orc:2    | Found a roughly hewn altar of Beogh.
 23848 | Orc:2    | Reached skill level 12 in Armour
 23897 | Orc:2    | Bought a brightly glowing buckler for 332 gold pieces
 23907 | Orc:2    | Identified the +0 buckler "Tuucataj" {rC+ MR+} (You bought it in a shop on level 2 of the Orcish Mines)
 23908 | Orc:2    | Quit the game

Vault maps used:
D:1:      tarquinn_simple_flora_water_d
D:2:      lemuel_upstairs_altar, uniq_terence, uniq_sigmund
D:3:      corexii_corridor_pit
D:4:      uniq_crazy_yiuf_cottage
D:5:      lemuel_round_altar, first_bread
D:6:      marbit_many_paths
D:7:      zin_statuary, vehumet_statue, nicolae_overflow_hidden_temple,
          st_stairs_1
D:8:      serial_shops, kennysheep_little_box
D:9:      kennysheep_orc_monster_closet_entryway, uniq_erolcha
D:10:     minmay_lair_entry_grove, hangedman_stone_soup, kennysheep_crisscross
Temple:   cyrus_circular_temple
Lair:1:   st_stairs_7, grunt_megastairs_2, uniq_gastronok
Lair:2:   dpeg_oklob_gauntlet
Lair:3:   basic_altar, minivault_23, st_stairs_12, infiniplex_staircase_pool
Lair:4:   shoals_dummy_entry, dummy_snake_entry, lab_entry_generic, st_stairs_10
Lair:5:   slime_altar_1, basic_altar, enter_volcano_2, serial_bayou_shore_a
Lair:6:   evilmike_catoblepas_cave, lemuel_fruit_fields, lemuel_fruit_fields,
          serial_bayou_shore_b, uniq_josephine
Orc:1:    serial_shops, shop, basic_altar, uniq_fannar
Orc:2:    pf_orc_diabolical, serial_shops, shop, minmay_orc_temple_b
Lab:      nicolae_lab_dead_adventurers
Volcano:  volcano_grotto

Skill      XL: |  1  2  3  4  5  6  7  8  9 10 11 12 13 14 15 |
---------------+----------------------------------------------+-----
Shields        | 4 5 7 8 9 |  9.0
Axes           | 4 5 6 8 9 10 12 13 14 15 16 | 16.7
Evocations     | 2 5 6 8 |  8.5
Fighting       | 5 8 9 10 | 10.0
Armour         | 5 6 8 10 12 | 12.0

Action                   |  1- 3 |  4- 6 |  7- 9 | 10-12 | 13-15 || total
-------------------------+-------+-------+-------+-------+-------++-------
Melee: War axe           |    40 |   131 |   275 |       |       ||   446
       Hand axe          |       |       |   113 |   542 |   958 ||  1613
       Constrict         |       |       |       |       |   169 ||   169
Invok: Call Merchant     |       |       |       |       |     4 ||     4
 Abil: Spit Poison       |     1 |     3 |     5 |     1 |       ||    10
       Evoke Berserk Rag |       |       |       |     6 |     4 ||    10
Evoke: Wand              |       |       |       |    18 |    32 ||    50
  Use: Potion            |     4 |       |     2 |     1 |     1 ||     8
       Scroll            |       |       |    10 |    14 |    11 ||    35
 Stab: Distracted        |       |       |     2 |     1 |     6 ||     9
       Petrified         |       |       |       |       |     3 ||     3
  Eat: Chunk             |       |     5 |     6 |       |       ||    11
       Meat ration       |       |       |     2 |     2 |     3 ||     7
       Fruit             |       |       |       |     4 |     5 ||     9
       Pizza             |       |       |       |     3 |     3 ||     6
       Beef jerky        |       |       |       |     3 |     1 ||     4
       Royal jelly       |       |       |       |     4 |     1 ||     5
Armor: Scale mail        |    11 |     2 |       |       |       ||    13
       Skin              |     1 |       |       |       |       ||     1
       Chain mail        |       |    48 |   190 |    43 |    25 ||   306
       Plate armour      |       |       |       |   169 |   458 ||   627
Dodge: Dodged            |    10 |    11 |    62 |    64 |    94 ||   241
Block: Shield            |    21 |    76 |   198 |   247 |   385 ||   927
